 Dungeon Crawl Stone Soup version 0.18-a0-670-g393520a (webtiles) character file.

2118 Proton the Shield-Bearer (level 9, -1/69 HPs)
             Began as a Formicid Fighter on Dec 6, 2015.
             Was a Believer of Cheibriados.
             Slain by a spiny frog (6 damage)
             ... on level 8 of the Dungeon.
             The game lasted 00:11:29 (6589 turns).

Proton the Shield-Bearer (Formicid Fighter)         Turns: 6589, Time: 00:11:29

Health: -1/69      AC:  4    Str: 36      XL:     9   Next: 54%
Magic:  12/12      EV: 10    Int: 11      God:    Cheibriados [**....]
Gold:   328        SH: 12    Dex: 15 (17) Spells: 0 memorised, 13 levels left

rFire  . . .     SeeInvis +     o - +0 battleaxe
rCold  . . .     Clarity  .     m - +0 chain mail
rNeg   . . .     SustAt   .     c - +0 shield
rPois  .         Gourm    .     (helmet unavailable)
rElec  +         Spirit   .     (no cloak)
rCorr  .         Dismiss  .     l - +0 pair of gloves
rMut   .         Stasis   +     H - +2 pair of boots
MR     .....                    (no amulet)
Stlth  ..........               t - +4 ring of strength
                                y - +3 ring of strength

@: lethally poisoned (-1 -> -27), corroded equipment, very slow, not resistant
to hostile enchantments, extremely unstealthy
A: permanent stasis, dig shafts and tunnels, four strong arms, antennae 3,
yellow scales 1, agile 1, deformed body, dopey 1, electricity resistance
a: Dig, Shaft Self, Bend Time, Renounce Religion


You were on level 8 of the Dungeon.
You worshipped Cheibriados.
Cheibriados was pleased with you.
You were not hungry.

You visited 2 branches of the dungeon, and saw 9 of its levels.

You collected 328 gold pieces.

Inventory:

Hand Weapons
 o - a +0 battleaxe (weapon)
Missiles
 B - 8 poisoned tomahawks (quivered)
Armour
 c - a +0 shield (worn)
 l - a +0 pair of gloves (worn)
 m - a +0 chain mail (worn)
 H - a +2 pair of boots (worn)
Jewellery
 j - an uncursed ring of positive energy
 t - a +4 ring of strength (right hand)
 y - a +3 ring of strength (left hand)
Wands
 C - a wand of draining (9)
 L - a wand of paralysis (10)
 M - a wand of draining (4)
Scrolls
 b - 3 scrolls of enchant weapon {unknown}
 f - a scroll of blinking {unknown}
 h - a scroll of identify
 k - 2 scrolls of teleportation {unknown}
 n - 2 scrolls of amnesia {unknown}
 q - 2 scrolls of fog {unknown}
 r - a scroll of recharging {unknown}
 s - 3 scrolls of immolation {unknown}
 v - 3 scrolls of remove curse {unknown}
 x - a scroll of enchant armour {unknown}
 E - a scroll of random uselessness {unknown}
 J - a scroll of fear {unknown}
Potions
 a - 2 potions of flight
 d - 3 potions of might
 i - 3 potions of lignification
 p - 4 potions of curing
 u - a potion of agility
 z - 2 potions of brilliance
 G - a potion of heal wounds
Books
 g - a book of Transfigurations

   Spells                             Type                      Level
   a - Stoneskin                      Transmutation/Earth          2
   b - Irradiate                      Conjuration/Transmutation    5
   c - Statue Form                    Transmutation/Earth          6
   d - Hydra Form                     Transmutation                6
   e - Dragon Form                    Transmutation                7
 I - a book of Death

   Spells                             Type                      Level
   a - Corpse Rot                     Necromancy                   2
   b - Sublimation of Blood           Necromancy                   2
   c - Agony                          Necromancy                   5
   d - Dispel Undead                  Necromancy                   5
   e - Excruciating Wounds            Charms/Necromancy            5
   f - Bolt of Draining               Conjuration/Necromancy       5
Comestibles
 e - 5 bread rations
 w - 4 fruits
 A - a meat ration
 D - a beef jerky


   Skills:
 + Level 5.8 Fighting
 * Level 6.5 Axes
 + Level 6.4 Armour
 + Level 3.8 Dodging
 + Level 6.6 Shields
 + Level 2.6 Spellcasting
 + Level 3.1 Invocations


You had 13 spell levels left.
You didn't know any spells.

Dungeon Overview and Level Annotations

Branches:
Dungeon (8/15)             Temple (1/1) D:4
   Lair: D:8-11

Altars:
Cheibriados
Dithmenos
Elyvilon
Fedhas
Gozag
Kikubaaqudgha
Makhleb
Nemelex Xobeh
Okawaru
Pakellas
Qazlal
Ru
Sif Muna
Trog
Vehumet
Xom
Zin
Lugonu

Shops:
D:2 }


Innate Abilities, Weirdness & Mutations

You are under a permanent stasis effect.
You can dig through walls and to a lower floor.
Your four strong arms can wield two-handed weapons with a shield.
You have a pair of large antennae on your head (SInv).
You are partially covered in yellow scales (AC +2).
You are agile. (Dex +2)
Armour fits poorly on your strangely shaped body.
You are dopey. (Int -2)
You are resistant to electric shocks.


Message History

The giant frog barely misses you. You block the yak's attack.
The spiny frog stings you. The yak gores you.
A worker ant comes into view.
You block the giant frog's attack.
The giant gecko hisses menacingly.
The giant gecko barely misses you. You block the ooze's attack.
The spiny frog stings you.
A jelly comes into view.
The spiny frog stings you!
* * * LOW HITPOINT WARNING * * *
You are poisoned.
The spiny frog poisons you! The spiny frog barely misses you.
You block the spiny frog's attack.
There is a stone staircase leading up, spattered with blood here.
You feel sick. The spiny frog stings you!
* * * LOW HITPOINT WARNING * * *
You are more poisoned.
The spiny frog poisons you! You block the giant gecko's attack.
You block the spiny frog's attack. The spiny frog stings you.
You die...

############## .
##..@FY##.....#..
#...FFZ.a........
#...llJF..........
#........†.≈J≈....
#.......≈##'##≈...
#.......## ..# ...
#.......# #.#
#.......# .#
........# ##


You could see a yak, 3 spiny frogs, a giant frog, a jelly (wandering), a worker
ant, an ooze, 2 giant geckos and an adder skeleton.

Vanquished Creatures
  Sigmund (D:2)
  A water moccasin (D:5)
  An orc warrior (D:5)
  A necrophage (D:7)
  2 ogres (D:4)
  A big kobold (D:7)
  2 giant frogs
  A wyvern zombie (D:7)
  4 scorpions
  3 wights (D:6)
  2 crimson imps
  A quasit (D:8)
  A centaur zombie (D:8)
  An orc priest (D:3)
  2 hounds (D:5)
  3 jellies (D:8)
  An orc wizard (D:5)
  A gnoll shaman (D:5)
  An iguana (D:6)
  11 worker ants
  A hound skeleton (D:5)
  5 adders
  7 gnolls
  5 oozes
  5 worms
  12 orcs
  3 ball pythons
  6 bats
  7 goblins
  12 hobgoblins
  14 jackals
  13 kobolds
  2 quokkas
  10 giant cockroaches
  3 giant geckos
  2 giant gecko skeletons
  7 giant newts
  9 rats
164 creatures vanquished.

Notes
Turn   | Place    | Note
--------------------------------------------------------------
     0 | D:1      | Proton the Formicid Fighter began the quest for the Orb.
     0 | D:1      | Reached XP level 1. HP: 18/18 MP: 1/1
   128 | D:1      | Reached XP level 2. HP: 17/24 MP: 2/2
   305 | D:1      | Reached XP level 3. HP: 22/29 MP: 3/3
   505 | D:1      | Reached skill level 1 in Dodging
  1193 | D:2      | Reached skill level 4 in Shields
  1229 | D:2      | Found a radiant altar of Vehumet.
  1317 | D:2      | Found an oddly glowing altar of Pakellas.
  1317 | D:2      | Found Pakellas's Prime Provisions.
  1408 | D:2      | Reached XP level 4. HP: 35/37 MP: 4/4
  1450 | D:2      | Noticed Sigmund
  1457 | D:2      | Killed Sigmund
  1457 | D:2      | Reached XP level 5. HP: 42/42 MP: 5/5
  1457 | D:2      | Reached XP level 6. HP: 48/48 MP: 6/6
  1550 | D:2      | Found a bloodstained altar of Trog.
  2853 | D:4      | Reached XP level 7. HP: 55/55 MP: 7/7
  2863 | D:4      | Reached skill level 5 in Shields
  3303 | D:4      | Found an iron altar of Okawaru.
  3368 | D:4      | Reached skill level 5 in Armour
  3467 | D:4      | Found a staircase to the Ecumenical Temple.
  3552 | Temple   | Entered the Ecumenical Temple
  3598 | Temple   | Became a worshipper of Cheibriados the Contemplative
  3814 | D:4      | Found a deep blue altar of Sif Muna.
  3856 | D:5      | Entered Level 5 of the Dungeon
  3880 | D:5      | Reached skill level 5 in Axes
  3880 | D:5      | Reached XP level 8. HP: 59/61 MP: 8/8
  3889 | D:5      | Reached skill level 5 in Fighting
  4232 | D:5      | Reached * piety under Cheibriados
  4234 | D:5      | Reached skill level 1 in Invocations
  4413 | D:5      | Reached skill level 1 in Spellcasting
  5023 | D:6      | Found a sacrificial altar of Ru.
  5039 | D:6      | Reached skill level 6 in Shields
  5108 | D:6      | Reached XP level 9. HP: 47/68 MP: 11/11
  5716 | D:7      | Found a shimmering altar of Xom.
  5776 | D:7      | Reached ** piety under Cheibriados
  5894 | D:7      | Gained mutation: You are agile. (Dex +2) [potion of mutation]
  5894 | D:7      | Gained mutation: You are dopey. (Int -2) [potion of mutation]
  5894 | D:7      | Gained mutation: You are resistant to electric shocks. [potion of mutation]
  5895 | D:7      | Gained mutation: Armour fits poorly on your strangely shaped body. [potion of mutation]
  5895 | D:7      | Gained mutation: You are partially covered in yellow scales (AC +2). [potion of mutation]
  6380 | D:7      | Found a burning altar of Makhleb.
  6582 | D:8      | Noticed a spiny frog
  6584 | D:8      | Noticed a spiny frog
  6585 | D:8      | Noticed a spiny frog
  6589 | D:8      | Slain by a spiny frog

Vault maps used:
D:1:      matt_arrival_grand_opening, st_stairs_4, minmay_misc_feat_roman
D:2:      old_standard_altar, johnstein_pakellas_shop, bloody_trog,
          minmay_misc_feat_columns, item_on_display_a, uniq_sigmund
D:3:      first_bread
D:4:      lemuel_blue_sif_altar, marbit_many_paths, minmay_temple_entry_trees
D:6:      nicolae_overflow_hidden_temple, interstate_on_off
D:7:      nicolae_overflow_crystal_walls, kennysheep_little_box
D:8:      lemuel_coloured_pillars_altar, lemuel_round_altar, dpeg_lair_monsters,
          hangedman_little_slice_of_home
Temple:   corrupted_temple

Action                   |  1- 3 |  4- 6 |  7- 9 || total
-------------------------+-------+-------+-------++-------
Melee: War axe           |   121 |   161 |   156 ||   438
       Battleaxe         |       |       |   135 ||   135
 Abil: Dig               |       |     1 |     7 ||     8
  Use: Potion            |       |       |     3 ||     3
       Scroll            |       |       |     9 ||     9
  Eat: Pizza             |     1 |       |       ||     1
       Bread ration      |       |     1 |     1 ||     2
       Royal jelly       |       |     1 |       ||     1
       Meat ration       |       |       |     1 ||     1
